 Dungeon Crawl Stone Soup version 0.16.1-11-g651b585 (webtiles) character file.

335 KarvaRausku the Gusty (level 6, 0/32 HPs)
             Began as a Tengu Air Elementalist on Apr 7, 2015.
             Slain by a river rat (8 damage)
             ... on level 4 of the Dungeon.
             The game lasted 00:11:12 (3022 turns).

KarvaRausku the Gusty (Tengu Air Elementalist)      Turns: 3022, Time: 00:11:12

Health: 0/32       AC:  5    Str:  8    XL:     6   Next: 53%
Magic:  6/15       EV: 13    Int: 18    God:
Gold:   182        SH:  0    Dex: 14    Spells: 2 memorised, 9 levels left

rFire  . . .     SeeInvis .     A - staff of air
rCold  . . .     Clarity  .     y - +0 leather armour
rNeg   . . .     SustAb   +     (no shield)
rPois  .         Gourm    .     (helmet restricted)
rElec  +         Spirit   .     u - +0 cloak
rCorr  .         Warding  .     p - +0 pair of gloves
rMut   .         Stasis   .     (boots unavailable)
MR     .....                    (no amulet)
Stlth  ++........               (no ring)
                                f - ring of sustain abilities

@: not resistant to hostile enchantments, unstealthy
A: able to fly, beak, talons 3
a: Fly


You were on level 4 of the Dungeon.
You were hungry.

You visited 1 branch of the dungeon, and saw 4 of its levels.

You collected 182 gold pieces.

Inventory:

Hand weapons
 d - a +0 spear
 s - a +0 hammer of crushing
 t - a +2 quarterstaff of chaos
Armour
 a - a +0 robe
 p - a +0 pair of gloves (worn)
 u - a +0 cloak (worn)
 y - a +0 leather armour (worn)
 D - a +0 pair of gloves
Magical staves
 A - an uncursed staff of air (weapon)
Jewellery
 f - a ring of sustain abilities (left hand)
 k - a +2 ring of protection {unknown}
Scrolls
 e - 3 scrolls of magic mapping {unknown}
 j - 2 scrolls of identify {unknown}
 l - a scroll of enchant weapon {unknown}
 n - 2 scrolls of teleportation {unknown}
 o - 2 scrolls of remove curse {unknown}
 r - 2 scrolls of enchant armour {unknown}
 F - a scroll of immolation {unknown}
Potions
 g - 3 potions of agility {unknown}
 i - 2 potions of curing
 m - 3 potions of heal wounds {unknown}
 v - a potion of magic {unknown}
 z - a potion of haste {unknown}
 C - a potion of invisibility {unknown}
 E - a potion of restore abilities {unknown}
Books
 b - a book of Air

   Spells                             Type                      Level
   a - Shock                          Conjuration/Air              1
   b - Swiftness                      Charms/Air                   2
   c - Repel Missiles                 Charms/Air                   2
   d - Flight                         Charms/Air                   3
   e - Static Discharge               Conjuration/Air              3
   f - Lightning Bolt                 Conjuration/Air              5
 w - a Fen Folio

   Spells                             Type                      Level
   a - Corpse Rot                     Necromancy                   2
   b - Stone Arrow                    Conjuration/Earth            3
   c - Leda's Liquefaction            Hexes/Earth                  4
   d - Summon Forest                  Summoning/Translocation      5
   e - Hydra Form                     Transmutation                6
   f - Summon Hydra                   Summoning                    7
Comestibles
 c - 3 bread rations
 h - 3 meat rations
 q - 3 fruits
 x - a royal jelly
 B - a beef jerky


   Skills:
 + Level 0.2 Armour
 + Level 3.5 Dodging
 + Level 3.2 Stealth
 * Level 3.5 Spellcasting
 + Level 3.1 Conjurations
 * Level 1.7 Charms
 + Level 5.2 Air Magic


You had 9 spell levels left.
You knew the following spells:

 Your Spells              Type           Power        Failure   Level  Hunger
a - Shock                 Conj/Air       ####         4%          1    None
b - Swiftness             Chrm/Air       ###.....     10%         2    ##.....


Dungeon Overview and Level Annotations

Branches:
Dungeon (4/15)
 Temple: D:4-7

Altars:
Trog


Innate Abilities, Weirdness & Mutations

You can fly.
You have a beak for a mouth.
You have claws for feet.


Message History

Aim: a river rat (heavily wounded)
You feel a surge of power!
The zap misses the river rat.
The zap hits the river rat.
The river rat is severely wounded.
The zap misses you. The zap hits you! You resist. The river rat bites you.
Casting: Shock
Confirm with . or Enter, or press ? or * to list all spells.
Aiming: Shock
Press: ? - help, Shift-Dir - straight line, f/p - river rat
Aim: a river rat (severely wounded)
You feel a surge of power!
The zap hits the river rat.
The river rat is almost dead.
The zap hits the river rat.
The river rat appears unharmed.
The river rat is almost dead.
The zap misses you. The zap hits you! You resist.
* * * LOW HITPOINT WARNING * * *
The drain falls to bits.
The river rat bites you.
* * * LOW HITPOINT WARNING * * *
The river rat bites you!
You die...

##########
#≈≈≈#≈.≈.#
#≈.≈#≈≈..##
#≈r≈#≈≈...#
#+#@#≈≈†..#
#≈≈≈≈≈....#
#≈.≈.≈....# .
#.≈≈......# ...
#.........###......
#...#####..........
###†..######.......
##..).###.......
##.....#.......


You could see a river rat.

Vanquished Creatures
  A phantom (D:4)
  Crazy Yiuf (D:2)
  An orc wizard (D:4)
  A river rat (D:4)
  3 adders
  4 gnolls (D:3)
  3 giant mites
  A worm (D:3)
  An adder skeleton (D:4)
  3 giant geckos
  5 orcs
  4 bats
  A bat skeleton (D:4)
  3 giant cockroaches
  3 goblins (D:1)
  12 hobgoblins
  7 jackals
  5 ball pythons
  3 giant newts
  13 kobolds
  11 rats
86 creatures vanquished.

Notes
Turn   | Place    | Note
--------------------------------------------------------------
     0 | D:1      | KarvaRausku, the Tengu Air Elementalist, began the quest for the Orb.
     0 | D:1      | Reached XP level 1. HP: 10/10 MP: 3/3
   244 | D:1      | Reached XP level 2. HP: 15/15 MP: 0/5
   628 | D:1      | Learned a level 2 spell: Swiftness
  1003 | D:2      | Reached XP level 3. HP: 17/19 MP: 2/7
  1317 | D:2      | Noticed Crazy Yiuf
  1324 | D:2      | Killed Crazy Yiuf
  1324 | D:2      | Reached XP level 4. HP: 24/24 MP: 1/9
  1722 | D:3      | Reached skill level 1 in Charms
  1970 | D:3      | Reached XP level 5. HP: 28/28 MP: 9/12
  2173 | D:3      | Found a bloodstained altar of Trog.
  2247 | D:3      | Reached skill level 5 in Air Magic
  2534 | D:4      | Noticed a phantom
  2547 | D:4      | Killed a phantom
  2547 | D:4      | Reached XP level 6. HP: 27/32 MP: 4/15
  3012 | D:4      | Found a glowing drain.
  3022 | D:4      | Slain by a river rat

Action                   |  1- 3 |  4- 6 || total
-------------------------+-------+-------++-------
Melee: Spear             |    20 |       ||    20
       Quarterstaff      |       |     9 ||     9
       Staff             |       |    12 ||    12
 Cast: Shock             |    57 |   110 ||   167
  Use: Potion            |     1 |       ||     1
  Eat: Chunk             |     2 |     5 ||     7
